Description

This is a truly disgusting archon/immortal/zealot/sentry push that made his 6.2k mmr opponent look like he had no idea what he was doing. For context, the opposing Zerg CAST his teammate getting destroyed by this build and couldn't adjust.

It starts with DTs, transitions into Archon drops, and then has a strong push that can impose critical damage if not outright ending the game.

Replay - ATL 6824 - Rodzyn vs PuPu (ACE)

Build Order

Get SALT Encoding   

  12  0:01  Probe  
  13  0:13  Probe  
  14  0:18  Pylon  
  14  0:23  Probe  
  15  0:32  Probe  
  15  0:39  Gateway  
  15  0:41  Probe  
  16  0:49  Assimilator  
  17  0:53  Probe  
  18  1:05  Probe  
  19  1:17  Probe  
  20  1:27  Nexus  
  20  1:37  Cybernetics Core  
  20  1:40  Probe  
  21  1:47  Assimilator  
  21  1:52  Probe  
  22  1:56  Pylon  
  22  2:04  Adept  
  23  2:14  Warp Gate  
  26  2:24  Twilight Council  
  27  2:39  Stalker  
  33  3:03  Robotics Facility  
  36  3:17  Dark Shrine  
  37  3:25  Gateway  
  39  3:37  Gateway  
  39  3:43  Gateway, Warp Prism  
  41  3:59  Assimilator x2  
  43  4:07  Pylon  
  43  4:14  Pylon  
  49  4:44  Dark Templar x4  
  57  4:47  Pylon  
  57  4:52  Archon x2  
  59  4:56  Observer  
  58  5:06  Nexus  
  59  5:08  Charge  
  59  5:13  Immortal  
  63  5:27  Dark Templar x2  
  64  5:29  Zealot  
  65  5:45  Archon  
  65  5:49  Immortal  
  65  5:50  Gateway x2  
  65  5:56  Gateway x2  
  69  6:10  Sentry x4  
  77  6:20  Immortal  
  86  6:57  Dark Templar x2, Zealot x4  
  98  7:03  Archon  
  98  7:05  Sentry x2  
  102  7:19  Gateway, Zealot x4  
  110  7:28  Zealot  
  110  7:29  Sentry  
  104  8:01  Immortal  
  102  8:16  Assimilator  
  102  8:19  Protoss Ground Weapons Level 1, Forge  
  95  8:22  Blink  
  105  8:36  Dark Templar x2  
  105  8:40  Immortal  
  113  8:45  Archon  
  107  9:01  Archon  
  105  9:04  Sentry  
  107  9:10  Stalker x2  
  107  9:14  Photon Cannon  
  111  9:22  Photon Cannon  
  111  9:25  Shield Battery x2  
  111  9:33  Stalker x2  
  115  9:39  Observer  
  115  9:40  Stalker x2, Sentry  
  122  9:48  Stalker  
  122  9:52  Shield Battery  
  124  9:53  Stalker x2  
Spawning Tool Build Advisor. Get it on Overwolf

Analysis

Each step of this build can inflict damage. Each step of this build can cause irreparable damage. Even if ZERO damage is dealt, the final timing push can absolutely obliterate and shatter a zerg's defenses.

To get the most out of this build, you have to be on top of your macro and micro. You have to do both. But if you can get this build down pat and make the necessary adjustments to potential cheeses, this one build can theoretically carry you to over 6k mmr vs Zerg players.

If they DO manage to hold, then it's standard transitions. Get upgrades, get another base, add complexity to the army, keep applying pressure, and whatever else you would ordinarily do.

Go to:

Details

  • Created by: Texturace
  • Published on: Jun 15, 2020
  • Modified on: Jun 15, 2020
  • Patch: 4.11.0
  • Difficulty: Hard
Show
View Real Time Build Order
Export as new Build Order

Comments (0)

There are no comments. Be the first!

Create an account to comment!